 Dungeon Crawl Stone Soup version 0.30-a0-591-g3c58d2bc28 (webtiles) character file.

Game seed: 17523991858862149126

18 NinjaNoafa the Grasshopper (level 2, -1/26 HPs)
             Began as a Gnoll Warper on Jan 5, 2023.
             Slain by a gnoll
             ... wielding a +0 flail
              (9 damage)
             ... on level 1 of the Dungeon.
             The game lasted 00:01:22 (929 turns).

NinjaNoafa the Grasshopper (Gnoll Warper)            Turns: 929, Time: 00:01:22

Health: -1/26      AC:  3    Str: 10    XL:     2   Next: 70%
Magic:  16/16      EV: 13    Int: 12    God:
Gold:   65         SH:  0    Dex: 11    Spells: 8/10 levels left

rFire   + . .      SeeInvis .    g - +2 dagger (flame)
rCold   + . .      Faith    .    (no shield)
rNeg    . . .      Spirit   .    f - +1 robe {rC+ rF+}
rPois   .          Reflect  .    (no helmet)
rElec   .          Harm     .    (no cloak)
rCorr   .          Rampage  .    (no gloves)
Will    .....                    (no boots)
Stlth   +                        (no amulet)
HPRegen 0.24/turn                j - ring of magical power
MPRegen 0.15/turn                (no ring)

@: no status effects
A: fangs 1, strong nose, distributed training
a: no special abilities


You were on level 1 of the Dungeon.
You visited 1 branch of the dungeon, and saw 2 of its levels.

You collected 65 gold pieces.

Inventory:

Hand Weapons
 g - a +2 dagger of flaming (weapon)
Missiles
 d - 7 boomerangs of dispersal (quivered)
Armour
 f - a +1 robe of resistance (worn)
Jewellery
 j - a ring of magical power (left hand)
Scrolls
 a - a scroll of torment {unknown}
 b - a scroll of enchant armour {unknown}
 c - a scroll of blinking
 e - 3 scrolls of identify {unknown}
 i - a scroll of fear {unknown}
 k - a scroll of fog {unknown}
Potions
 h - 2 potions of ambrosia {unknown}


   Skills:
 + Level 4.5 Fighting
 + Level 0.5 Short Blades
 + Level 4.5 Long Blades
 + Level 0.5 Axes
 + Level 0.5 Maces & Flails
 + Level 0.5 Polearms
 + Level 0.5 Staves
 + Level 0.5 Ranged Weapons
 + Level 2.5 Throwing
 + Level 2.5 Armour
 + Level 4.5 Dodging
 + Level 0.5 Stealth
 + Level 0.5 Shields
 + Level 0.5 Unarmed Combat
 + Level 4.9 Spellcasting
 + Level 0.3 Conjurations
 + Level 0.3 Hexes
 + Level 0.3 Summonings
 + Level 0.3 Necromancy
 + Level 5.3 Translocations
 + Level 0.3 Transmutations
 + Level 0.3 Fire Magic
 + Level 0.3 Ice Magic
 + Level 0.3 Air Magic
 + Level 0.3 Earth Magic
 + Level 0.3 Poison Magic
 + Level 0.6 Invocations
 + Level 0.5 Evocations


You had 8 spell levels left.
You knew the following spells:

 Your Spells              Type           Power      Damage    Failure   Level
a - Blink                 Tloc           30%        N/A       3%          2

Your spell library contained the following spells:

 Spells                   Type           Power      Damage    Failure   Level
 Lesser Beckoning         Tloc           30%        N/A       7%          3
 Teleport Other           Tloc           15%        N/A       7%          3
 Vhi's Electric Charge    Tloc/Air       18%        N/A       19%         3
 Manifold Assault         Tloc           15%        N/A       22%         4


Dungeon Overview and Level Annotations

Branches:
Dungeon (2/15)

Altars:


Innate Abilities, Weirdness & Mutations

You have very sharp teeth.
Your uncanny sense of smell can sniff out nearby items.
Your experience applies equally to all skills.


Message History

The hobgoblin misses you. The hobgoblin hits you.
The hobgoblin barely misses you.
You hit the hobgoblin but do no damage.
You feel stable enough to blink again. The hobgoblin barely misses you.
You hit the hobgoblin. You burn the hobgoblin.
You kill the hobgoblin!
HP restored.
Magic restored.
As you open the door, it creaks loudly!
Found a stone staircase leading down.
There is an escape hatch in the ceiling here.
e - 3 scrolls labelled GAYTASHR OCHYJUT (gained 1)
You open the door.
There is an open door here.
Found a short sword.
A gnoll comes into view. It is wielding a +0 whip.
The gnoll shouts!
A gnoll comes into view. It is wielding a +0 flail.
The gnoll shouts!
A gnoll comes into view. It is wielding a +0 spear.
The gnoll shouts!
You hit the gnoll. You burn the gnoll.
The gnoll is lightly wounded.
The gnoll hits you with a +0 whip.
You hit the gnoll. You burn the gnoll. Your bite misses the gnoll.
The gnoll is heavily wounded.
The gnoll hits you with a +0 whip. The gnoll attacks as you move away!
The gnoll hits you with a +0 whip. The gnoll attacks as you move away!
The gnoll closely misses you. The gnoll attacks as you move away!
The gnoll hits you with a +0 flail. The gnoll attacks as you move away!
The gnoll closely misses you.
There is an escape hatch in the ceiling here.
The gnoll hits you with a +0 flail. A mysterious force pulls you upwards.
The hatch slams shut behind you.
You hit the gnoll. You burn the gnoll.
The gnoll is lightly wounded.
The gnoll hits you with a +0 flail!
You die...

###.##.##.##.##.##.##.###.#
####...#'#...###...#'#...##.# #
#.'.....+.....'.....'.....'.# #
#.##...###...#+#...###...##.# #
#..##.##.##.##.##.##.##.##..# #
##.#####...###...###...####.## #
#..##.#.....#.....#.....#...# #
#.#÷..'..8..÷.....+..8..'.###
###.#.###.....#.@g..#.....#..##
......####...###...###...###..##
#..#####.##.##.##.##.##.##)##..#
#.#####...###...#'#...###...##.#
.....'.....+.....+.....'.....'.#
###.###...#'#...###...#+#...##.#
# #...##.##.##.##.##^##.##.##..#
###.####...###...###...####.##
#...#.....#.....#.....###.#


You could see a gnoll.

Vanquished Creatures
  A ball python (D:1)
  3 bats (D:1)
  An endoplasm (D:1)
  2 giant cockroaches (D:1)
  4 goblins (D:1)
  A hobgoblin (D:2)
  2 kobolds (D:1)
  A rat (D:1)
15 creatures vanquished.

Notes
Turn   | Place    | Note
-------+----------+-------------------------------------------
     0 | D:1      | NinjaNoafa the Gnoll Warper began the quest for the Orb.
     0 | D:1      | Reached XP level 1. HP: 20/20 MP: 6/6
    87 | D:1      | Reached XP level 2. HP: 23/26 MP: 7/7
   107 | D:1      | Learned a level 2 spell: Blink
   929 | D:1      | Slain by a gnoll

Illustrated notes

Levels and vault maps discovered:
D:1:      dpeg_arrival_round_a, layout_rooms, nicolae_hexahallways
D:2:      layout_basic, uniq_crazy_yiuf_cottage

Action                   || total
-------------------------++-------
Melee: Falchion          ||     8
       Dagger            ||    25
 Cast: Blink             ||     5
Armor: Robe              ||     5
       Leather armour    ||     1
Dodge: Dodged            ||    27

Table legend: (Time is in decaauts)
 A = Elapsed time spent in this place.
 B = Non-inter-level travel time spent in this place.
 C = Inter-level travel time spent in this place.
 D = Time resting spent in this place.
 E = Time spent auto-exploring this place.
 F = Levels seen in this place.
 G = Mean time per level.
                   A        B        C        D        E       F      G
               +--------+--------+--------+--------+--------+-----+--------+
         Total |    927 |    922 |      5 |      0 |    773 |   2 |  463.5 |
       Dungeon |    927 |    922 |      5 |      0 |    773 |   2 |  463.5 |
               +--------+--------+--------+--------+--------+-----+--------+

Top non-repeatable levels by time:
     D:1: 850 daAuts
     D:2: 77 daAuts
